 Dungeon Crawl Stone Soup version 0.27.1 (webtiles) character file.

Game seed: 5890835998195838307

6 r3algoood the Conjurer (level 1, 0/14 HPs)
             Began as a Demigod Conjurer on Aug 24, 2021.
             Frozen to death by an endoplasm (1 damage)
             ... on level 1 of the Dungeon.
             The game lasted 00:01:28 (84 turns).

r3algoood the Conjurer (Demigod Conjurer)             Turns: 84, Time: 00:01:28

Health: 0/14       AC:  2    Str:  8    XL:     1   Next: 60%
Magic:  5/5        EV: 12    Int: 20    God:
Gold:   15         SH:  0    Dex: 12    Spells: 2/3 levels left

rFire    . . .     SeeInvis .   (no weapon)
rCold    . . .     Faith    .   (no shield)
rNeg     . . .     Spirit   .   a - +0 robe
rPois    .         Reflect  .   (no helmet)
rElec    .         Harm     .   (no cloak)
rCorr    .         Rampage  .   (no gloves)
Will     .....                  (no boots)
Stlth    ++........             (no amulet)
HPRegen  0.04/turn              (no ring)
MPRegen  0.09/turn              (no ring)

@: no status effects
A: high mp 1, forlorn
a: no special abilities


You were on level 1 of the Dungeon.
You visited 1 branch of the dungeon, and saw 1 of its levels.

You collected 15 gold pieces.

Inventory:

Armour
 a - a +0 robe (worn)
Scrolls
 b - a scroll of identify {unknown}


   Skills:
 + Level 1.7 Dodging
 + Level 1.7 Stealth
 + Level 1.7 Spellcasting
 + Level 3.9 Conjurations


You had 2 spell levels left.
You knew the following spells:

 Your Spells              Type           Power      Damage    Failure   Level
a - Magic Dart            Conj           68%        1d6       3%          1

Your spell library contained the following spells:

 Spells                   Type           Power      Damage    Failure   Level
 Searing Ray              Conj           34%        3d4       4%          2
 Dazzling Flash           Conj/Hex       18%        N/A       22%         3
 Fulminant Prism          Conj/Hex       4%         3d6       56%         4
 Iskenderun's Mystic Bla  Conj/Tloc      9%         2d4       56%         4


Dungeon Overview and Level Annotations

Branches:
Dungeon (1/15)


Innate Abilities, Weirdness & Mutations

Your attributes grow dramatically as you level up.
You have an increased reservoir of magic. (+10% MP)
You shall have no god before yourself.


Message History

Casting: Magic Dart (safe; 3% risk of failure)
Confirm with . or Enter, or press ? or * to list all spells.
Aiming: Magic Dart (safe; 3% risk of failure)
Press: ? - help, Shift-Dir - straight line, f - kobold
Aim: a kobold, wielding a +0 vampiric short sword (100% to hit)
The magic dart hits the kobold.
You kill the kobold!
There is a stone staircase leading down here.
A giant cockroach comes into view.
The ball python closely misses you. x3; The ball python barely misses you.
Found 6 gold pieces.
The ball python closely misses you. The ball python grabs you.
The ball python constricts you.
You escape the ball python's grasp.
The giant cockroach closely misses you.
You see here a +0 vampiric short sword.
The endoplasm quivers.
You hit the ball python but do no damage.
The giant cockroach barely misses you. The ball python closely misses you. x2
The giant cockroach bites you.
* * * LOW HITPOINT WARNING * * *
The ball python barely misses you. x2; The giant cockroach misses you.
The ball python barely misses you. The ball python misses you.
The ball python bites you but does no damage.
The ball python misses you. The giant cockroach barely misses you.
The endoplasm jiggles.
The giant cockroach bites you.
* * * LOW HITPOINT WARNING * * *
The ball python barely misses you. The ball python closely misses you.
The giant cockroach bites you.
* * * LOW HITPOINT WARNING * * *
The ball python bites you but does no damage.
The ball python misses you. The ball python closely misses you.
The ball python grabs you. The ball python constricts you.
You escape the ball python's grasp.
The giant cockroach bites you but does no damage.
The endoplasm freezes you.
You are frozen.
You die...

............##
..⌠...⌠...⌠..##... ...
..............##.. ......
⌠.......⌠......#.. .......
....⌠..........#.#..........
...........(..##.#..........
####.###########............
..........)......##.........
#........##.....@J..........
#......#.........B..........
#...)............S..........
#..............##...........
#.#####........##...........
#. #######..>....)......# ##
#####..#.....$..
#.....###### #..#..#


You could see an endoplasm, a giant cockroach and a ball python.

Vanquished Creatures
  A dart slug (D:1)
  2 goblins (D:1)
  A kobold (D:1)
4 creatures vanquished.

Notes
Turn   | Place    | Note
-------+----------+-------------------------------------------
     0 | D:1      | r3algoood the Demigod Conjurer began the quest for the Orb.
     0 | D:1      | Reached XP level 1. HP: 14/14 MP: 5/5
    84 | D:1      | Frozen to death by an endoplasm

Illustrated notes

Levels and vault maps discovered:
D:1:      dpeg_arrival_lava_temple_mockup, layout_rooms,
          dreamdust_ecumenical_altar_hidden_monk_grotto

Action                   || total
-------------------------++-------
Melee: Unarmed           ||    13
 Cast: Magic Dart        ||     4
Armor: Robe              ||     5
Dodge: Dodged            ||    26
